 Dungeon Crawl Stone Soup version 0.13-a0-1710-g777f831 (webtiles) character file.

4515 stonewall the Grappler (level 10, -7/80 HPs)
             Began as a Gargoyle Artificer on June 21, 2013.
             Was a Priest of Fedhas.
             Mangled by Maurice the spriggan
             ... wielding a +0,+0 short sword
              (10 damage)
             ... on Level 8 of the Dungeon.
             The game lasted 00:32:25 (13530 turns).

stonewall the Grappler (Gargoyle Artificer)        Turns: 13530, Time: 00:32:25

HP  -7/80        AC  4     Str 15      XL: 10   Next: 33%
MP  13/14        EV 15     Int 16      God: Fedhas [***...]
Gold 200         SH  6     Dex 10      Spells:  3 memorised,  6 levels left

Res.Fire  : . . .   See Invis. : .     - Unarmed
Res.Cold  : + . .   Warding    : .   e - +0 leather armour
Life Prot.: + . .   Conserve   : .   s - +0 buckler (curse)
Res.Poison: .       Res.Corr.  : .   n - +0 helmet
Res.Elec. : .       Clarity    : .   (no cloak)
Sust.Abil.: . .     Spirit.Shd : .   (no gloves)
Res.Mut.  : .       Stasis     : .   (no boots)
Res.Rott. : .       Flight     : .   (no amulet)
Saprovore : . . .                    (no ring)
                                     q - +3 ring of evasion

@: somewhat resistant to hostile enchantments, unstealthy
A: fangs 1, talons 2, cold resistance 1, life protection 1, slow metabolism 1,
petrification resistance, trample resistance
a: Evolution, Sunlight, Growth, Renounce Religion


You were on level 8 of the Dungeon.
You worshipped Fedhas.
Fedhas was greatly pleased with you.
You were not hungry.

You visited 2 branches of the dungeon, and saw 11 of its levels.

You collected 460 gold pieces.
You spent 280 gold pieces at shops.

Inventory:

Hand weapons
 a - a +0,+0 short sword
 p - a +1,+1 dagger of chaos (quivered)
 r - a +0,+0 crossbow
 W - a +2 blowgun
Missiles
 V - 11 poisoned needles
Armour
 e - a +0 leather armour (worn)
 n - a +0 helmet (worn)
 s - a cursed +0 buckler (worn)
 P - a +0 shield
Magical devices
 b - a wand of flame (0)
 c - a wand of enslavement (0)
 d - a wand of random effects (7)
 j - a wand of fire (0)
 u - a wand of polymorph (14)
 C - a wand of frost (0)
 E - a wand of frost (1)
 L - a wand of random effects (0)
 O - a wand of slowing (11)
Comestibles
 f - 2 bread rations
 t - 2 chokos
 S - a honeycomb
Scrolls
 o - 8 scrolls of remove curse
 w - 2 scrolls of curse weapon {unknown}
 x - a scroll of random uselessness {unknown}
 y - a scroll of noise
 B - a scroll of torment {unknown}
 G - a scroll of fog {unknown}
 J - a scroll of recharging
 M - 5 scrolls of identify
Jewellery
 k - a cursed ring of hunger
 q - a +3 ring of evasion (left hand)
 v - an uncursed ring of protection from cold {unknown}
 F - an uncursed ring of teleportation
 R - an uncursed ring of protection from fire {unknown}
Potions
 g - 2 potions of restore abilities
 h - a potion of agility
 i - a potion of cure mutation
 l - a potion of brilliance
 z - a potion of magic
 A - a potion of paralysis
 D - a potion of poison
 K - a potion of berserk rage {unknown}
 N - a potion of invisibility {unknown}
 T - a potion of speed {unknown}
Books
 U - a book of Hinderance

   Spells                             Type                      Level
   *Confusing Touch                   Hexes                        1
   *Slow                              Hexes                        2
   *Confuse                           Hexes                        3
   Petrify                            Transmutation/Earth          4
   Leda's Liquefaction                Hexes/Earth                  4
   Metabolic Englaciation             Hexes/Ice                    6
Magical staves
 Q - a cursed staff of poison


   Skills:
 + Level 5.8 Fighting
 - Level 0.8 Short Blades
 + Level 5.4 Dodging
 - Level 1.1 Stealth
 - Level 1.7 Traps
 - Level 10.0 Unarmed Combat
 * Level 1.6 Spellcasting
 - Level 6.0 Hexes
 - Level 2.6 Evocations


You had 6 spell levels left.
You knew the following spells:

 Your Spells              Type           Power        Failure   Level  Hunger
a - Confusing Touch       Hex            ###.......   3%          1    ##.....
b - Slow                  Hex            ###.....     6%          2    ###....
c - Confuse               Hex            ###.....     12%         3    ####...


Dungeon Overview and Level Annotations

Branches:
Dungeon (10/27)            Temple (1/1) D:6
    Orc: D:6-11        Lair: D:8-13

Altars:
Ashenzari
Cheibriados
Elyvilon
Fedhas
Kikubaaqudgha
Makhleb
Nemelex Xobeh
Okawaru
Sif Muna
Trog
Vehumet
Xom
Yredelemnul
Zin
the Shining One

Shops:
D:5: +((+

Annotations
D:7 exclusion: killer bee
D:8 Maurice


Innate Abilities, Weirdness & Mutations

You have very sharp teeth.
You have razor-sharp toenails.
Your flesh is cold resistant.
You resist negative energy.
You have a slow metabolism.
You are immune to petrification.
You are resistant to trampling.


Message History

It hits you.
* * * LOW HITPOINT WARNING * * *
Casting: Confusing Touch
Confirm with . or Enter, or press ? or * to list all spells.
Your hands begin to glow red.
It hits you.
* * * LOW HITPOINT WARNING * * *
Casting: Confusing Touch
Confirm with . or Enter, or press ? or * to list all spells.
Your hands begin to glow brighter.
It barely misses you. It hits you.
* * * LOW HITPOINT WARNING * * *
You punch it! You bite it.
Your hands stop glowing.
You barely miss it. You bite it. You block its attack.
You closely miss it.
The orc warrior shouts!
You hit it. Your kick misses it.
It says, "I'm a little confused."
It hits you!
You die...
Fedhas appreciates your contribution to the ecosystem.

#...# #.# # #...# #.# #
#.i.# #.# # #...# #.# #
#...# #.######## #...#
#......... #...#
#.........
#...###########..##'####
#......@...o.....#......
#..#########.....#......
#..# #.....#...... #..#
#.....#...... #..#
#.....####### #..#
#............ #..#
#......######
#..#########......#
#.................#


You could see an orc warrior.

Vanquished Creatures
  Psyche (D:8)
  A hungry ghost (D:9)
  2 hippogriffs (D:7)
  An ice beast (D:7)
  A sky beast (D:5)
  2 orc warriors (D:8)
  3 centaurs
  6 ogres
  A hippogriff skeleton (D:6)
  Sigmund (D:3)
  2 giant frogs (D:6)
  15 killer bees
  An ogre zombie (D:5)
  6 wights
  7 crimson imps
  A goliath beetle (D:9)
  2 quasits
  3 hounds
  12 orc wizards
  An orc priest (D:5)
  A scorpion (D:9)
  3 jellies
  8 worker ants
  Jessica (D:3)
  2 mummies
  3 gnolls (D:7)
  10 adders
  An adder skeleton (D:5)
  An inept feature mimic (D:5)
  2 worms
  A bat skeleton (D:5)
  A giant eyeball (D:8)
  3 giant geckos
  34 orcs
  9 bats
  3 giant cockroaches
  10 goblins
  10 hobgoblins
  3 quokkas
  6 giant newts
  8 jackals
  11 kobolds
  An orc skeleton (D:3)
  An orc zombie (D:7)
  8 rats
  A rat zombie (D:5)
211 creatures vanquished.

Vanquished Creatures (collateral kills)
  2 orc priests (D:4)
  An orc wizard (D:4)
  4 orcs (D:4)
7 creatures vanquished.

Vanquished Creatures (others)
  A killer bee (D:7)
  A wight (D:7)
  A giant newt (D:6)
  2 giant spores (D:7)
  2 ballistomycetes (D:7)
  69 toadstools
76 creatures vanquished.

Grand Total: 294 creatures vanquished

Notes
Turn   | Place    | Note
--------------------------------------------------------------
     0 | D:1      | stonewall, the Gargoyle Artificer, began the quest for the Orb.
     0 | D:1      | Reached XP level 1. HP: 17/17 MP: 1/1
    53 | D:1      | Reached skill level 1 in Unarmed Combat
   227 | D:1      | Reached XP level 2. HP: 21/24 MP: 2/2
   991 | D:2      | Reached skill level 3 in Unarmed Combat
   991 | D:2      | Reached XP level 3. HP: 21/29 MP: 4/4
  1334 | D:2      | Reached XP level 4. HP: 33/36 MP: 5/5
  1599 | D:3      | Noticed Grinder
  1607 | D:3      | Noticed Grinder
  1607 | D:3      | Grinder changed into Grinder the iron imp
  1627 | D:3      | Grinder the iron imp changed into Grinder the quasit
  1637 | D:2      | Reached skill level 4 in Unarmed Combat
  1850 | D:3      | Noticed Jessica
  1863 | D:3      | Killed Jessica
  1953 | D:3      | Noticed Sigmund
  2068 | D:4      | Reached XP level 5. HP: 27/41 MP: 7/7
  2103 | D:4      | Reached skill level 5 in Unarmed Combat
  2200 | D:5      | Entered Level 5 of the Dungeon
  2468 | D:5      | Found Croah's Weapon Shoppe.
  2564 | D:5      | Noticed an ogre
  2654 | D:6      | Found a staircase to the Ecumenical Temple.
  2665 | Temple   | Entered the Ecumenical Temple
  2870 | Temple   | Became a worshipper of Fedhas Madash
  2930 | D:6      | Killed an ogre
  2930 | D:6      | Reached skill level 6 in Unarmed Combat
  2930 | D:6      | Reached XP level 6. HP: 30/48 MP: 8/8
  3067 | D:6      | Noticed a centaur
  3092 | D:6      | Killed a centaur
  3411 | D:6      | Reached skill level 7 in Unarmed Combat
  3701 | D:5      | Found Deroq's Weapon Boutique.
  3994 | D:5      | Found Saajoups' Book Shoppe.
  4009 | D:5      | Reached XP level 7. HP: 51/53 MP: 10/10
  4089 | D:5      | Acquired Fedhas' first power
  4146 | D:5      | Reached skill level 8 in Unarmed Combat
  4860 | D:4      | Noticed an ogre
  5134 | D:5      | Found Weracasm's Book Boutique.
  5219 | D:5      | Reached skill level 9 in Unarmed Combat
  5683 | D:5      | Found Yduaj's Distillery.
  5689 | D:5      | Yduaj's Distillery was a mimic.
  5799 | D:5      | Reached XP level 8. HP: 54/61 MP: 11/11
  6027 | D:4      | Killed an ogre
  6589 | D:3      | Killed Sigmund
  6589 | D:3      | Reached skill level 10 in Unarmed Combat
  6790 | D:5      | Bought a book of Hinderance for 280 gold pieces
  6793 | D:5      | Learned a level 1 spell: Confusing Touch
  6916 | D:5      | Reached skill level 1 in Hexes
  7932 | D:6      | Acquired Fedhas' second power
  8281 | D:6      | Reached XP level 9. HP: 69/69 MP: 13/13
  9825 | D:7      | Reached skill level 5 in Hexes
 10111 | D:8      | Noticed Psyche
 10117 | D:8      | Killed Psyche
 10163 | D:8      | Reached XP level 10. HP: 64/79 MP: 14/14
 10326 | D:8      | Reached skill level 5 in Fighting
 10769 | D:8      | Learned a level 2 spell: Slow
 10773 | D:8      | Learned a level 3 spell: Confuse
 11594 | D:7      | Acquired Fedhas' third power
 11988 | D:7      | Reached skill level 5 in Dodging
 12885 | D:9      | Reached skill level 1 in Spellcasting
 13237 | D:10     | Entered Level 10 of the Dungeon
 13237 | D:10     | Noticed Maurice
 13241 | D:10     | Noticed Maurice
 13241 | D:10     | Maurice changed into Maurice the spriggan
 13524 | D:8      | HP: 2/80 [something (5)]
 13530 | D:8      | Mangled by Maurice the spriggan

Action                   |  1- 3 |  4- 6 |  7- 9 | 10-12 || total
-------------------------+-------+-------+-------+-------++-------
Melee: Unarmed           |   113 |   174 |   422 |   236 ||   945
 Fire: Blowgun           |       |       |       |     7 ||     7
 Cast: Confusing Touch   |       |       |    20 |    21 ||    41
       Slow              |       |       |       |     2 ||     2
Evoke: Wand              |     4 |    29 |    25 |     4 ||    62
  Use: Scroll            |       |     8 |     7 |     4 ||    19
       Potion            |       |     4 |     4 |     1 ||     9
 Stab: Sleeping          |     1 |       |       |       ||     1
       Confused          |       |       |     5 |    14 ||    19
       Paralysed         |       |       |     5 |       ||     5
